 Dungeon Crawl Stone Soup version 0.20.0-15-g7f486f2 (webtiles) character file.

5523 Hailrake the Spear-Bearer (level 10, 0/123 HPs)
             Began as a Merfolk Berserker on June 17, 2017.
             Was an Elder of Trog.
             Succumbed to Harold's poison
             ... on level 1 of the Lair of Beasts.
             The game lasted 00:31:26 (12711 turns).

Hailrake the Spear-Bearer (Merfolk Berserker)      Turns: 12711, Time: 00:31:27

Health: 0/123      AC: 25    Str: 20    XL:     10   Next: 70%
Magic:  10/10      EV:  2    Int: 12    God:    Trog [****..]
Gold:   314        SH:  0    Dex: 13    Spells: 9/9 levels left

rFire    + . .     SeeInvis .   p - +0 trident
rCold    . . .     Gourm    .   (no shield)
rNeg     + + +     Faith    .   (armour currently unavailable)
rPois    +         Spirit   .   (helmet currently unavailable)
rElec    .         Reflect  .   (cloak currently unavailable)
rCorr    .         Harm     .   (gloves currently unavailable)
MR       .....     NoTele   +   (boots currently unavailable)
Stlth    ++........             (no amulet)
Regen    0.3/turn               y - +4 ring of intelligence
MPRegen  0.2/turn               t - ring of protection from fire

@: lethally poisoned (0 -> -21), tree-form
A: (change form in water), (swift swim), (stealthy swim)
a: Berserk, Trog's Hand, Brothers in Arms, Burn Spellbooks, Renounce Religion


You were on level 1 of the Lair of Beasts.
You worshipped Trog.
Trog was greatly pleased with you.
You were not hungry.
You were a tree.
You visited 2 branches of the dungeon, and saw 9 of its levels.

You collected 510 gold pieces.
You spent 196 gold pieces at shops.

Inventory:

Hand Weapons
 a - a +0 spear
 p - a +0 trident (weapon)
Armour
 c - a +4 plate armour (melded)
 k - a +2 hat (melded)
 n - a +0 cloak (melded)
 r - a +0 scale mail
 s - +0 fire dragon scales
 v - a +0 pair of boots (melded)
Jewellery
 l - an uncursed ring of fire
 t - a ring of protection from fire (right branch)
 w - a cursed ring of loudness
 y - a +4 ring of intelligence (left branch)
Wands
 C - a wand of iceblast (6/15)
Scrolls
 i - 2 scrolls of identify
 o - a scroll of magic mapping
 A - 4 scrolls of remove curse
 D - a scroll of enchant armour
Potions
 b - a potion of ambrosia {unknown}
 e - a potion of invisibility {unknown}
 f - 5 potions of flight
 h - 3 potions of lignification
 j - a potion of mutation {unknown}
 q - a potion of might {unknown}
 x - 2 potions of agility
 z - a potion of magic {unknown}
Comestibles
 g - 2 meat rations
 u - 3 bread rations
 B - 3 royal jellies


   Skills:
 + Level 8.6 Fighting
 + Level 13.7 Polearms
 + Level 6.7 Armour
 + Level 7.1 Dodging
 - Level 1.2 Stealth


You had 9 spell levels left.
You didn't know any spells.

Dungeon Overview and Level Annotations

Branches:
Dungeon (8/15)             Temple (0/1) D:4            Lair (1/6) D:8

Altars:
Nemelex Xobeh
Okawaru
Qazlal
The Shining One

Shops:
D:5 !

Portals:
Ice
Cave: Lair:1

Annotations:
Lair:1 Harold


Message History

Harold is heavily wounded.
* * * LOW HITPOINT WARNING * * *
You feel sick.
The spiny frog stings you but does no damage.
Harold casts a spell at you. The bolt of fire hits you! You resist.
* * * LOW HITPOINT WARNING * * *
You hit Harold.
Harold is heavily wounded.
* * * LOW HITPOINT WARNING * * *
You feel sick.
You completely miss Harold.
Harold is heavily wounded.
* * * LOW HITPOINT WARNING * * *
You feel sick.
The spiny frog stings you but does no damage.
Harold hits you but does no damage.
You hit Harold.
Harold is heavily wounded.
You die...

#.....# #.....# #.....#
#.....# . ... ##.....# .
... ## ###......### #
..##.####.#P(...F..P.#####.
###
...........(...@♣..((......
...
...........................
...
...........................
...
...........................
...
D..........................
...
H####P#.###........###.#...
## ((# #........# #.... ##
..# #......... ...# ###.
..## ##...


You could see Harold and a spiny frog.

Vanquished Creatures
  Erica (D:8)
  A two-headed ogre (D:5)
  A human (D:7)
  3 hogs (D:7)
  A yak (D:7)
  The ghost of Hailrake the Poker, an amateur MfBe of Trog (D:4)
  2 water moccasins (D:8)
  4 sky beasts
  A black bear (D:7)
  2 phantoms
  4 ogres
  2 ice beasts
  3 centaurs
  A big kobold (D:7)
  3 bullfrogs
  A water moccasin zombie (D:6)
  2 scorpions (D:5)
  6 killer bees (D:7)
  2 crimson imps
  A centaur zombie (D:6)
  2 bullfrog zombies (D:5)
  3 hounds
  An orc priest (D:4)
  3 centaur skeletons
  2 jellies
  5 orc wizards
  A bullfrog skeleton (D:6)
  2 iguanas
  5 worker ants
  2 killer bee zombies (D:6)
  A hound skeleton (D:5)
  8 adders
  2 shadow imps (D:6)
  12 white imps (Lair:1)
  4 oozes
  2 adder skeletons
  3 adder zombies (D:6)
  4 worms
  9 leopard geckos
  19 orcs
  8 bats
  8 giant cockroaches
  9 goblins
  5 hobgoblins
  15 jackals
  3 ball pythons
  3 frilled lizards
  12 kobolds
  A leopard gecko skeleton (D:5)
  A leopard gecko zombie (D:6)
  A quokka skeleton (D:5)
  10 rats
208 creatures vanquished.

Notes
Turn   | Place    | Note
-------+----------+-------------------------------------------
     0 | D:1      | Hailrake the Merfolk Berserker began the quest for the Orb.
     0 | D:1      | Reached XP level 1. HP: 18/18 MP: 1/1
   233 | D:1      | Reached XP level 2. HP: 24/24 MP: 2/2
   273 | D:1      | Reached skill level 5 in Polearms
   699 | D:1      | Reached XP level 3. HP: 28/29 MP: 3/3
  2119 | D:2      | Found a sparkling altar of Nemelex Xobeh.
  2320 | D:2      | Reached ** piety under Trog
  2408 | D:2      | Reached skill level 6 in Polearms
  2408 | D:2      | Reached XP level 4. HP: 29/37 MP: 4/4
  3155 | D:3      | Noticed an ogre
  3169 | D:2      | Killed an ogre
  3169 | D:2      | Reached XP level 5. HP: 24/42 MP: 5/5
  3825 | D:3      | Found a glowing drain.
  4335 | D:3      | Reached XP level 6. HP: 35/48 MP: 6/6
  4733 | D:3      | Reached skill level 7 in Polearms
  4902 | D:4      | Reached *** piety under Trog
  5313 | D:4      | Found a staircase to the Ecumenical Temple.
  5330 | D:4      | Noticed Hailrake's ghost (amateur MfBe)
  5347 | D:4      | Killed Hailrake's ghost
  5347 | D:4      | Reached skill level 8 in Polearms
  5347 | D:4      | Reached XP level 7. HP: 36/55 MP: 7/7
  6502 | D:5      | Entered Level 5 of the Dungeon
  6531 | D:5      | Identified the Papyrus of Blows and Bruises and Augmentations
  6642 | D:5      | Found Uwnigr Ivyr's Distillery.
  6651 | D:5      | Bought a potion of curing for 42 gold pieces
  6651 | D:5      | Bought 2 potions of agility for 112 gold pieces
  6651 | D:5      | Bought a potion of curing for 42 gold pieces
  6743 | D:5      | Noticed a two-headed ogre
  6752 | D:5      | Killed a two-headed ogre
  6752 | D:5      | Reached skill level 5 in Fighting
  6752 | D:5      | Reached skill level 10 in Polearms
  6752 | D:5      | Reached skill level 1 in Stealth
  6752 | D:5      | Reached XP level 8. HP: 63/63 MP: 8/8
  6867 | D:5      | Reached skill level 5 in Dodging
  7446 | D:5      | Reached skill level 11 in Polearms
  7669 | D:5      | Found a stormy altar of Qazlal.
  8215 | D:5      | Reached XP level 9. HP: 69/69 MP: 9/9
  8431 | D:6      | Reached **** piety under Trog
  8859 | D:6      | Reached skill level 5 in Armour
  9408 | D:7      | Reached skill level 12 in Polearms
  9526 | D:7      | Found an iron altar of Okawaru.
 10664 | D:7      | Reached XP level 10. HP: 79/79 MP: 10/10
 10774 | D:7      | Reached skill level 13 in Polearms
 11288 | D:8      | Noticed Erica
 11303 | D:8      | Killed Erica
 11580 | D:8      | Found a staircase to the Lair.
 12072 | D:8      | Received a gift from Trog
 12223 | Lair:1   | Entered Level 1 of the Lair of Beasts
 12252 | Lair:1   | Found a frozen archway.
 12347 | Lair:1   | Found a glowing golden altar of the Shining One.
 12583 | Lair:1   | Noticed an eight-headed hydra
 12592 | Lair:1   | Noticed Harold
 12697 | Lair:1   | Noticed a spiny frog
 12708 | Lair:1   | HP: 3/123 [Harold/bolt of fire (14)]
 12710 | Lair:1   | HP: 1/123 [poisoned by Harold]
 12711 | Lair:1   | Succumbed to Harold's poison

Skill      XL: |  1  2  3  4  5  6  7  8  9 10 |
---------------+-------------------------------+-----
Polearms       | 5 6 8 10 11 12 13 | 13.7
Dodging        | 3 4 5 6 7 |  7.1
Fighting       | 4 5 6 7 8 |  8.6
Armour         | 2 3 4 5 6 |  6.7
Stealth        | 1 |  1.2

Action                   |  1- 3 |  4- 6 |  7- 9 | 10-12 || total
-------------------------+-------+-------+-------+-------++-------
Melee: Spear             |   147 |   105 |       |       ||   252
       Trident           |       |   112 |   470 |   253 ||   835
Invok: Berserk           |       |     2 |     7 |     4 ||    13
       Burn Spellbooks   |       |     1 |     2 |       ||     3
       Trog's Hand       |       |       |     3 |     3 ||     6
Evoke: Wand              |       |       |       |     1 ||     1
  Use: Scroll            |     5 |     1 |     8 |     9 ||    23
       Potion            |       |       |     2 |     6 ||     8
 Stab: Distracted        |       |       |     1 |       ||     1
  Eat: Meat ration       |     1 |       |     2 |     2 ||     5
       Bread ration      |       |     2 |     4 |       ||     6
       Royal jelly       |       |     1 |       |     1 ||     2
Armor: Ring mail         |    31 |    52 |    61 |       ||   144
       Scale mail        |       |       |    78 |    28 ||   106
       Plate armour      |       |       |       |   111 ||   111
       Skin              |       |       |       |     4 ||     4
Dodge: Dodged            |    60 |   118 |   231 |   141 ||   550
